 Dungeon Crawl Stone Soup version 0.21-a0-517-gd76cfe0 (webtiles) character file.

11293 Firecrotchwizard the Thaumaturge (level 11, -5/86 HPs)
             Began as a Gnoll Skald on Dec 3, 2017.
             Was a Believer of Yredelemnul.
             Splashed by an acid dragon's acid (14 damage)
             ... on level 11 of the Dungeon.
             The game lasted 00:28:21 (9839 turns).

Firecrotchwizard the Thaumaturge (Gnoll Skald)      Turns: 9839, Time: 00:28:22

Health: -5/86      AC:  4    Str: 13    XL:     11   Next: 75%
Magic:  23/23      EV: 16    Int: 18    God:    Yredelemnul [**....]
Gold:   736        SH:  0    Dex: 16    Spells: 15/26 levels left

rFire    . . .     SeeInvis +   s - +1 halberd
rCold    . . .     Gourm    .   (shield currently unavailable)
rNeg     . . .     Faith    .   f - +0 ring mail
rPois    .         Spirit   .   d - +1 hat {MR+}
rElec    .         Reflect  .   t - scarf {repulsion}
rCorr    .         Harm     .   (no gloves)
MR       +....                  v - +0 pair of boots
Stlth    +++.......             l - amulet of regeneration {+regen, !d}
HPRegen  0.64/turn              H - ring of see invisible {sInv, !d}
MPRegen  0.18/turn              (no ring)

@: corroded, repel missiles
A: distributed training, fangs 1, strong nose
a: Animate Remains, Recall Undead Slaves, Injury Mirror, Renounce Religion


You were on level 11 of the Dungeon.
You worshipped Yredelemnul.
Yredelemnul was pleased with you.
You were not hungry.

You visited 2 branches of the dungeon, and saw 12 of its levels.

You collected 736 gold pieces.

Inventory:

Hand Weapons
 q - a +2 spear of piercing
   (You took it off a gnoll on level 3 of the Dungeon)
 s - a +1 halberd (weapon)
   (You took it off a gnoll on level 3 of the Dungeon)
 K - a +2 dagger of freezing
   (You took it off an orc wizard on level 10 of the Dungeon)
Armour
 d - a +1 hat of magic resistance (worn)
   (You took it off Gastronok on level 8 of the Dungeon)
 f - a +0 ring mail (worn)
   (You found it on level 2 of the Dungeon)
 t - a scarf of repulsion (worn)
   (You found it on level 8 of the Dungeon)
 v - a +0 pair of boots (worn)
   (You found it on level 3 of the Dungeon)
 w - a +0 buckler
   (You found it on level 4 of the Dungeon)
 N - a +3 scale mail
   (You found it on level 10 of the Dungeon)
 P - a cursed +0 pair of gloves
   (You found it on level 11 of the Dungeon)
Jewellery
 l - an amulet of regeneration (around neck) {+regen, !d}
   (You found it on level 2 of the Dungeon)
 H - a ring of see invisible (left hand) {sInv, !d}
   (You found it on level 8 of the Dungeon)
 J - an uncursed ring of protection from cold {unknown}
   (You took it off an orc warrior on level 10 of the Dungeon)
Wands
 u - a wand of scattershot (6)
   (You found it on level 6 of the Dungeon)
 y - a wand of flame (57)
   (You found it on level 5 of the Dungeon)
 F - a wand of clouds (5)
   (You found it on level 9 of the Dungeon)
 L - a wand of paralysis (18)
   (You took it off an orc wizard on level 10 of the Dungeon)
Scrolls
 b - 4 scrolls of identify
 e - 3 scrolls of fear
 h - 2 scrolls of magic mapping {!r}
 n - 2 scrolls of amnesia
 p - 3 scrolls of teleportation
 x - 5 scrolls of remove curse
 B - a scroll of enchant armour {unknown}
 D - a scroll of torment {unknown}
 E - a scroll of enchant weapon
 I - a scroll of fog {unknown}
 O - a scroll of immolation {unknown}
Potions
 a - a potion of berserk rage {unknown}
 i - a potion of curing
 j - 5 potions of cancellation
 k - 4 potions of flight
 m - a potion of brilliance
 o - a potion of mutation {!q}
 r - 5 potions of might
 A - a potion of agility {unknown}
 C - a potion of haste {unknown}
 G - a potion of lignification {unknown}
Books
 c - a book of Battle
 M - a book of Maledictions
   (You found it on level 10 of the Dungeon)
Comestibles
 g - 4 meat rations {@e2}
 z - 9 royal jellies


   Skills:
 + Level 8.0 Fighting
 + Level 6.5 Short Blades
 + Level 6.5 Long Blades
 + Level 6.5 Axes
 + Level 6.5 Maces & Flails
 + Level 8.0 Polearms
 + Level 6.5 Staves
 + Level 6.5 Slings
 + Level 6.5 Bows
 + Level 6.5 Crossbows
 + Level 6.5 Throwing
 + Level 7.0 Armour
 + Level 8.0 Dodging
 + Level 6.5 Stealth
 + Level 6.5 Shields
 + Level 6.5 Unarmed Combat
 + Level 8.3 Spellcasting
 + Level 5.3 Conjurations
 + Level 5.3 Hexes
 + Level 7.7 Charms
 + Level 5.3 Summonings
 + Level 5.3 Necromancy
 + Level 5.3 Translocations
 + Level 5.3 Transmutations
 + Level 5.3 Fire Magic
 + Level 5.3 Ice Magic
 + Level 5.3 Air Magic
 + Level 5.3 Earth Magic
 + Level 5.3 Poison Magic
 + Level 7.1 Invocations
 + Level 6.5 Evocations


You had 15 spell levels left.
You knew the following spells:

 Your Spells              Type           Power        Failure   Level  Hunger
a - Infusion              Chrm           ####         1%          1    None
r - Regeneration          Chrm/Necr      ####......   3%          3    #......
s - Shroud of Golubria    Chrm/Tloc      ####......   1%          2    None
z - Spectral Weapon       Hex/Chrm       ####....     3%          3    #......
S - Song of Slaying       Chrm           #####...     1%          2    None


Dungeon Overview and Level Annotations

Branches:
Dungeon (11/15)            Temple (1/1) D:5            Lair (0/6) D:8
    Orc (0/2) D:11

Altars:
Ashenzari
Cheibriados
Dithmenos
Elyvilon
Fedhas
Gozag
Kikubaaqudgha
Makhleb
Nemelex Xobeh
Okawaru
Qazlal
Ru
Sif Muna
Trog
Uskayaw
Vehumet
Wu Jian
Xom
Yredelemnul
Zin
The Shining One

Annotations:
D:7 exclusion: Joseph, Joseph
D:8 exclusion: 4 slaves


Innate Abilities, Weirdness & Mutations

Your experience applies equally to all skills.
You have very sharp teeth.
Your uncanny sense of smell can sniff out nearby items.


Message History

Aim: a cyan ugly thing You reach to attack!
You hit the cyan ugly thing.
Your yak zombie gores the cyan ugly thing.
The cyan ugly thing kicks your yak zombie.
The cyan ugly thing shocks your yak zombie!
Your yak zombie is destroyed!
You now have 16/23 mp.
Attack whom?
Aim: a cyan ugly thing (lightly wounded)
You reach to attack!
You slash the cyan ugly thing! You hit the cyan ugly thing.
Your spectral weapon hits the cyan ugly thing from afar.
The cyan ugly thing closely misses you.
You now have 16/23 mp.
You closely miss the cyan ugly thing.
Your spectral weapon hits the cyan ugly thing from afar!!
The cyan ugly thing kicks you but does no damage.
You closely miss the cyan ugly thing.
Your spectral weapon hits the cyan ugly thing from afar!
The cyan ugly thing kicks you. The cyan ugly thing shocks you!
You take 20 damage, and have 66/86 hp.
MASSIVE DAMAGE!!
You hit the cyan ugly thing!
You kill the cyan ugly thing!
Yredelemnul accepts your kill.
You now have 15/23 mp.
You eat one of the 10 royal jellies.
That royal jelly was delicious!
You start resting.
Your spectral weapon fades away.
Your magical infusion is running out.
You regained 16 hp, and now have 83/86 hp.
You regained 4 mp, and now have 20/23 mp.
Found a stone staircase leading up.
You regained 2 hp, and now have 85/86 hp.
You are no longer magically infusing your attacks.
Found a stone staircase leading down.
Health restored: 86
x - 5 scrolls of remove curse (gained 1)
You now have 715 gold pieces (gained 23).
You now have 736 gold pieces (gained 21).
An acid dragon comes into view.
MP restored: 23 Attack whom?
Aim: an acid dragon (resting)
You reach to attack!
The helpless acid dragon fails to defend itself.
You hit the acid dragon but do no damage.
The acid dragon spits acid at you. The splash of acid hits you!
The acid corrodes you!
You are splashed with acid!
The acid burns!
You take 19 damage, and have 67/86 hp.
MASSIVE DAMAGE!!
Attack whom?
Aim: an acid dragon (catching its breath)
You reach to attack!
You hit the acid dragon. The acid dragon spits acid at you.
The splash of acid hits you!
You are splashed with acid!
The acid burns!
You take 19 damage, and have 48/86 hp.
MASSIVE DAMAGE!!
The acid dragon closely misses you. The acid dragon barely misses you.
Your ring mail prevents you from hitting the acid dragon.
The acid dragon completely misses you. The acid dragon misses you.
Your ring mail prevents you from hitting the acid dragon.
The acid dragon closely misses you. The acid dragon misses you.
Your ring mail prevents you from hitting the acid dragon.
The acid dragon barely misses you. The acid dragon misses you.
You hit the acid dragon. The acid dragon completely misses you.
The acid dragon closely misses you.
You completely miss the acid dragon.
You bite the acid dragon, but do no damage.
The acid dragon misses you. The acid dragon claws you.
You take 2 damage, and have 49/86 hp.
You hit the acid dragon but do no damage.
You bite the acid dragon. The acid dragon closely misses you.
The acid dragon misses you.
You barely miss the acid dragon. The acid dragon spits acid at you.
The splash of acid hits you!
You are splashed with acid!
The acid burns!
You take 22 damage, and have 28/86 hp.
MASSIVE DAMAGE!!
You puncture the acid dragon! The acid dragon closely misses you.
The acid dragon claws you.
* * * LOW HITPOINT WARNING * * *
The acid dragon bites you!
* * * LOW HITPOINT WARNING * * *
The acid dragon claws you.
* * * LOW HITPOINT WARNING * * *
You take 17 damage, and have 11/86 hp.
You hit the acid dragon but do no damage.
You bite the acid dragon, but do no damage.
The acid dragon misses you.
The acid dragon claws you but does no damage.
You hit the acid dragon.
You are no longer corroded.
The acid dragon spits acid at you. The splash of acid hits you!
* * * LOW HITPOINT WARNING * * *
The acid corrodes you!
You are splashed with acid!
The acid burns!
You die...
Your body rises from the dead as a mindless zombie.

### #.. #.# #.# #D# #@# #.# ∆
##########.# #..........# ∆
#Z####...#.############# #.#
#.#.#.##......Z...# #.#
#.#.#.##.########.#
#######.####.#...##.## #.#
..........##.#.......#######.#


You could see an acid dragon.

Vanquished Creatures
  Gastronok (D:8)
  The ghost of waterbugbear the Ogre Mage, a journeyman OgWz of Vehumet (D:11)
  Erolcha (D:10)
  2 two-headed ogres
  An ugly thing (D:11)
  A komodo dragon (D:8)
  A hippogriff (D:8)
  10 yaks
  A wraith (D:11)
  A hungry ghost (D:7)
  A soldier ant (D:11)
  A water moccasin (D:7)
  2 sky beasts
  2 necrophages (D:6)
  A black bear (D:6)
  4 ice beasts
  2 orc warriors
  2 phantoms
  4 ogres
  6 centaurs
  4 bullfrogs
  2 scorpions
  11 killer bees (D:9)
  A howler monkey (D:9)
  2 bullfrog zombies
  4 crimson imps
  5 jellies
  A quasit (D:8)
  2 orc priests
  11 orc wizards
  A bullfrog skeleton (D:4)
  A centaur skeleton (D:6)
  2 iguanas
  8 worker ants
  A killer bee zombie (D:8)
  A hound skeleton (D:11)
  4 gnolls
  12 adders
  A howler monkey skeleton (D:4)
  2 shadow imps
  A white imp (D:6)
  8 oozes
  An adder skeleton (D:4)
  2 worms
  A dart slug (D:1)
  7 leopard geckos
  37 orcs
  A ball python (D:3)
  8 bats
  5 giant cockroaches
  4 hobgoblins
  14 jackals
  7 quokkas
  3 frilled lizards
  4 goblins
  A jackal skeleton (D:6)
  5 kobolds
  A quokka skeleton (D:7)
  A rat (D:6)
232 creatures vanquished.

Vanquished Creatures (collateral kills)
  A hound (D:9)
  A worker ant (D:9)
  An orc (D:9)
3 creatures vanquished.

Vanquished Creatures (others)
  A yak zombie (D:11)
  A soldier ant zombie (D:11)
  2 worker ant zombies (D:9)
  A howler monkey zombie (D:9)
  A jackal zombie (D:9)
  3 orc zombies
  A plant (D:8)
  4 spectral weapons
14 creatures vanquished.

Grand Total: 249 creatures vanquished

Notes
Turn   | Place    | Note
-------+----------+-------------------------------------------
     0 | D:1      | Firecrotchwizard the Gnoll Skald began the quest for the Orb.
     0 | D:1      | Reached XP level 1. HP: 20/20 MP: 6/6
    33 | D:1      | Reached XP level 2. HP: 25/26 MP: 7/7
   214 | D:1      | Reached XP level 3. HP: 21/31 MP: 1/9
   456 | D:2      | Reached skill level 5 in Spellcasting
   730 | D:2      | Reached skill level 1 in Invocations
   791 | D:2      | Learned a level 2 spell: Shroud of Golubria
   795 | D:2      | Learned a level 3 spell: Spectral Weapon
   798 | D:2      | Learned a level 2 spell: Song of Slaying
  1404 | D:2      | Reached skill level 1 in Short Blades
  1404 | D:2      | Reached skill level 1 in Long Blades
  1404 | D:2      | Reached skill level 1 in Axes
  1404 | D:2      | Reached skill level 1 in Maces & Flails
  1404 | D:2      | Reached skill level 1 in Staves
  1404 | D:2      | Reached skill level 1 in Slings
  1404 | D:2      | Reached skill level 1 in Bows
  1404 | D:2      | Reached skill level 1 in Crossbows
  1404 | D:2      | Reached skill level 1 in Throwing
  1404 | D:2      | Reached skill level 1 in Stealth
  1404 | D:2      | Reached skill level 1 in Shields
  1404 | D:2      | Reached skill level 1 in Unarmed Combat
  1404 | D:2      | Reached skill level 1 in Evocations
  1404 | D:2      | Reached XP level 4. HP: 18/38 MP: 11/11
  1505 | D:3      | Reached skill level 1 in Conjurations
  1505 | D:3      | Reached skill level 1 in Hexes
  1505 | D:3      | Reached skill level 1 in Summonings
  1505 | D:3      | Reached skill level 1 in Necromancy
  1505 | D:3      | Reached skill level 1 in Translocations
  1505 | D:3      | Reached skill level 1 in Transmutations
  1505 | D:3      | Reached skill level 1 in Fire Magic
  1505 | D:3      | Reached skill level 1 in Ice Magic
  1505 | D:3      | Reached skill level 1 in Air Magic
  1505 | D:3      | Reached skill level 1 in Earth Magic
  1505 | D:3      | Reached skill level 1 in Poison Magic
  1643 | D:3      | Reached XP level 5. HP: 37/43 MP: 10/12
  1755 | D:3      | HP: 10/43 [worm (6)]
  1880 | D:3      | Noticed an ogre
  1885 | D:3      | Killed an ogre
  1885 | D:3      | Reached skill level 3 in Armour
  1885 | D:3      | Reached skill level 2 in Invocations
  1885 | D:3      | Reached XP level 6. HP: 50/50 MP: 7/13
  1926 | D:3      | Found a faded altar of an unknown god.
  2134 | D:3      | Found a sacrificial altar of Ru.
  2136 | D:3      | Found a burning altar of Makhleb.
  2326 | D:4      | Found an iron altar of Okawaru.
  2344 | D:4      | Reached skill level 5 in Fighting
  2344 | D:4      | Reached skill level 5 in Polearms
  2344 | D:4      | Reached skill level 5 in Dodging
  2406 | D:4      | Reached skill level 2 in Short Blades
  2406 | D:4      | Reached skill level 2 in Long Blades
  2406 | D:4      | Reached skill level 2 in Axes
  2406 | D:4      | Reached skill level 2 in Maces & Flails
  2406 | D:4      | Reached skill level 2 in Staves
  2406 | D:4      | Reached skill level 2 in Slings
  2406 | D:4      | Reached skill level 2 in Bows
  2406 | D:4      | Reached skill level 2 in Crossbows
  2406 | D:4      | Reached skill level 2 in Throwing
  2406 | D:4      | Reached skill level 2 in Stealth
  2406 | D:4      | Reached skill level 2 in Shields
  2406 | D:4      | Reached skill level 2 in Unarmed Combat
  2406 | D:4      | Reached skill level 2 in Evocations
  2517 | D:4      | Learned a level 3 spell: Regeneration
  2556 | D:4      | Reached XP level 7. HP: 44/56 MP: 15/15
  2740 | D:4      | Reached skill level 2 in Conjurations
  2740 | D:4      | Reached skill level 2 in Hexes
  2740 | D:4      | Reached skill level 2 in Summonings
  2740 | D:4      | Reached skill level 2 in Necromancy
  2740 | D:4      | Reached skill level 2 in Translocations
  2740 | D:4      | Reached skill level 2 in Transmutations
  2740 | D:4      | Reached skill level 2 in Fire Magic
  2740 | D:4      | Reached skill level 2 in Ice Magic
  2740 | D:4      | Reached skill level 2 in Air Magic
  2740 | D:4      | Reached skill level 2 in Earth Magic
  2740 | D:4      | Reached skill level 2 in Poison Magic
  3178 | D:4      | Found a glowing golden altar of the Shining One.
  3209 | D:5      | Entered Level 5 of the Dungeon
  3291 | D:5      | Found an opulent altar of Gozag.
  3379 | D:5      | Reached skill level 3 in Invocations
  3426 | D:5      | Reached XP level 8. HP: 63/63 MP: 16/16
  3436 | D:5      | Reached skill level 6 in Charms
  3570 | D:5      | Reached skill level 4 in Armour
  3577 | D:5      | Reached skill level 3 in Short Blades
  3577 | D:5      | Reached skill level 3 in Long Blades
  3577 | D:5      | Reached skill level 3 in Axes
  3577 | D:5      | Reached skill level 3 in Maces & Flails
  3577 | D:5      | Reached skill level 3 in Staves
  3577 | D:5      | Reached skill level 3 in Slings
  3577 | D:5      | Reached skill level 3 in Bows
  3577 | D:5      | Reached skill level 3 in Crossbows
  3577 | D:5      | Reached skill level 3 in Throwing
  3577 | D:5      | Reached skill level 3 in Stealth
  3577 | D:5      | Reached skill level 3 in Shields
  3577 | D:5      | Reached skill level 3 in Unarmed Combat
  3577 | D:5      | Reached skill level 3 in Evocations
  3704 | D:5      | Found a staircase to the Ecumenical Temple.
  3739 | Temple   | Entered the Ecumenical Temple
  4267 | D:5      | Reached skill level 6 in Spellcasting
  4501 | D:6      | Reached skill level 4 in Invocations
  4505 | D:6      | Reached skill level 3 in Conjurations
  4505 | D:6      | Reached skill level 3 in Hexes
  4505 | D:6      | Reached skill level 3 in Summonings
  4505 | D:6      | Reached skill level 3 in Necromancy
  4505 | D:6      | Reached skill level 3 in Translocations
  4505 | D:6      | Reached skill level 3 in Transmutations
  4505 | D:6      | Reached skill level 3 in Fire Magic
  4505 | D:6      | Reached skill level 3 in Ice Magic
  4505 | D:6      | Reached skill level 3 in Air Magic
  4505 | D:6      | Reached skill level 3 in Earth Magic
  4505 | D:6      | Reached skill level 3 in Poison Magic
  4516 | D:6      | Reached skill level 6 in Fighting
  4516 | D:6      | Reached skill level 6 in Polearms
  4516 | D:6      | Reached skill level 6 in Dodging
  4516 | D:6      | Reached XP level 9. HP: 61/67 MP: 16/18
  4590 | D:6      | Found an ornate altar of the Wu Jian Council.
  4758 | D:6      | Reached skill level 4 in Short Blades
  4758 | D:6      | Reached skill level 4 in Long Blades
  4758 | D:6      | Reached skill level 4 in Axes
  4758 | D:6      | Reached skill level 4 in Maces & Flails
  4758 | D:6      | Reached skill level 4 in Staves
  4758 | D:6      | Reached skill level 4 in Slings
  4758 | D:6      | Reached skill level 4 in Bows
  4758 | D:6      | Reached skill level 4 in Crossbows
  4758 | D:6      | Reached skill level 4 in Throwing
  4758 | D:6      | Reached skill level 4 in Stealth
  4758 | D:6      | Reached skill level 4 in Shields
  4758 | D:6      | Reached skill level 4 in Unarmed Combat
  4758 | D:6      | Reached skill level 4 in Evocations
  5312 | D:7      | Found a shattered altar of Ashenzari.
  5372 | D:7      | Reached skill level 5 in Armour
  5472 | D:7      | Noticed Joseph
  5503 | D:7      | Found an ancient bone altar of Kikubaaqudgha.
  5572 | D:7      | Found a white marble altar of Elyvilon.
  5981 | Temple   | Became a worshipper of Yredelemnul the Dark
  6171 | D:8      | Reached skill level 5 in Invocations
  6313 | D:8      | Found a staircase to the Lair.
  6314 | D:8      | Noticed a komodo dragon
  6327 | D:8      | Killed a komodo dragon
  6327 | D:8      | Reached XP level 10. HP: 73/75 MP: 12/20
  6415 | D:8      | Reached skill level 7 in Spellcasting
  6417 | D:8      | Noticed Gastronok
  6427 | D:8      | Killed Gastronok
  6427 | D:8      | Reached skill level 7 in Fighting
  6427 | D:8      | Reached skill level 5 in Short Blades
  6427 | D:8      | Reached skill level 5 in Long Blades
  6427 | D:8      | Reached skill level 5 in Axes
  6427 | D:8      | Reached skill level 5 in Maces & Flails
  6427 | D:8      | Reached skill level 7 in Polearms
  6427 | D:8      | Reached skill level 5 in Staves
  6427 | D:8      | Reached skill level 5 in Slings
  6427 | D:8      | Reached skill level 5 in Bows
  6427 | D:8      | Reached skill level 5 in Crossbows
  6427 | D:8      | Reached skill level 5 in Throwing
  6427 | D:8      | Reached skill level 7 in Dodging
  6427 | D:8      | Reached skill level 5 in Stealth
  6427 | D:8      | Reached skill level 5 in Shields
  6427 | D:8      | Reached skill level 5 in Unarmed Combat
  6427 | D:8      | Reached skill level 4 in Conjurations
  6427 | D:8      | Reached skill level 4 in Hexes
  6427 | D:8      | Reached skill level 7 in Charms
  6427 | D:8      | Reached skill level 4 in Summonings
  6427 | D:8      | Reached skill level 4 in Necromancy
  6427 | D:8      | Reached skill level 4 in Translocations
  6427 | D:8      | Reached skill level 4 in Transmutations
  6427 | D:8      | Reached skill level 4 in Fire Magic
  6427 | D:8      | Reached skill level 4 in Ice Magic
  6427 | D:8      | Reached skill level 4 in Air Magic
  6427 | D:8      | Reached skill level 4 in Earth Magic
  6427 | D:8      | Reached skill level 4 in Poison Magic
  6427 | D:8      | Reached skill level 5 in Evocations
  6618 | D:8      | Reached skill level 6 in Armour
  7182 | D:9      | Noticed a two-headed ogre
  7195 | D:9      | Killed a two-headed ogre
  7195 | D:9      | Reached skill level 6 in Invocations
  7268 | D:9      | Reached * piety under Yredelemnul
  7814 | D:9      | Reached XP level 11. HP: 35/82 MP: 22/22
  7829 | D:9      | HP: 19/82 [killer bee (2)]
  7834 | D:9      | HP: 12/82 [poisoned by a killer bee]
  7839 | D:9      | HP: 9/82 [poisoned by a killer bee]
  7844 | D:9      | HP: 9/82 [poisoned by a killer bee]
  7849 | D:9      | HP: 10/82 [poisoned by a killer bee]
  7855 | D:9      | HP: 11/82 [poisoned by a killer bee]
  7863 | D:9      | HP: 14/82 [poisoned by a killer bee]
  8084 | D:10     | Entered Level 10 of the Dungeon
  8149 | D:10     | Noticed Erolcha
  8158 | D:10     | Killed Erolcha
  8178 | D:10     | Reached skill level 6 in Short Blades
  8178 | D:10     | Reached skill level 6 in Long Blades
  8178 | D:10     | Reached skill level 6 in Axes
  8178 | D:10     | Reached skill level 6 in Maces & Flails
  8178 | D:10     | Reached skill level 6 in Staves
  8178 | D:10     | Reached skill level 6 in Slings
  8178 | D:10     | Reached skill level 6 in Bows
  8178 | D:10     | Reached skill level 6 in Crossbows
  8178 | D:10     | Reached skill level 6 in Throwing
  8178 | D:10     | Reached skill level 6 in Stealth
  8178 | D:10     | Reached skill level 6 in Shields
  8178 | D:10     | Reached skill level 6 in Unarmed Combat
  8178 | D:10     | Reached skill level 6 in Evocations
  8179 | D:10     | HP: 20/82 [yak (5)]
  8351 | D:10     | Reached skill level 5 in Conjurations
  8351 | D:10     | Reached skill level 5 in Hexes
  8351 | D:10     | Reached skill level 5 in Summonings
  8351 | D:10     | Reached skill level 5 in Necromancy
  8351 | D:10     | Reached skill level 5 in Translocations
  8351 | D:10     | Reached skill level 5 in Transmutations
  8351 | D:10     | Reached skill level 5 in Fire Magic
  8351 | D:10     | Reached skill level 5 in Ice Magic
  8351 | D:10     | Reached skill level 5 in Air Magic
  8351 | D:10     | Reached skill level 5 in Earth Magic
  8351 | D:10     | Reached skill level 5 in Poison Magic
  8362 | D:10     | Noticed a two-headed ogre
  8370 | D:10     | HP: 20/83 [two-headed ogre/giant club (9)]
  8371 | D:10     | Killed a two-headed ogre
  8371 | D:10     | Reached skill level 8 in Spellcasting
  8676 | D:10     | Found a deep blue altar of Sif Muna.
  9240 | D:11     | Noticed waterbugbear's ghost (journeyman OgWz)
  9266 | D:11     | HP: 13/84 [waterbugbear's ghost (9)]
  9267 | D:11     | HP: 3/84 [iron imp[waterbugbear's ghost] (10)]
  9268 | D:11     | Killed waterbugbear's ghost
  9269 | D:11     | Gained mutation: You are clumsy. (Dex -2) [potion of mutation]
  9269 | D:11     | Lost mutation: You are clumsy. (Dex -2) [potion of mutation]
  9280 | D:11     | Reached ** piety under Yredelemnul
  9399 | D:11     | Found a staircase to the Orcish Mines.
  9536 | D:11     | Reached skill level 7 in Invocations
  9545 | D:11     | Reached skill level 8 in Fighting
  9545 | D:11     | Reached skill level 8 in Polearms
  9545 | D:11     | Reached skill level 7 in Armour
  9545 | D:11     | Reached skill level 8 in Dodging
  9669 | D:11     | Noticed a cyan ugly thing
  9679 | D:11     | Killed a cyan ugly thing
  9837 | D:11     | HP: 13/86 [acid dragon (10)]
  9839 | D:11     | Splashed by an acid dragon's acid

Vault maps used:
D:1:      dpeg_arrival_refuge, serial_park_tiny_pond
D:2:      first_bread
D:3:      nicolae_overflow_hidden_temple, chequers_ecumenical_altar_twisty,
          roderic_serpentine_path, due_unseen_surprise
D:4:      tso_altar, okawaru_metal_pillars_3
D:5:      minmay_temple_entry_poolview, nicolae_gozag_seed_capital
D:6:      marbit_many_paths, gup_sewer_entry_spiral, eino_curves_01,
          minivault_25, minmay_fire_ice_demons
D:7:      cheibrodos_ashenzari_chains, elyvilon_altar_4, lemuel_crystal_altar,
          uniq_joseph
D:8:      david_lair_shrubbed, hangedman_little_slice_of_home, uniq_pikel,
          uniq_gastronok
D:10:     kennysheep_orc_sif_temple, uniq_erolcha
D:11:     orc_0_dummy, kennysheep_generic_room_13
Temple:   dpeg_chambers_temple

Skill      XL: |  1  2  3  4  5  6  7  8  9 10 11 |
---------------+----------------------------------+-----
Spellcasting   | 5 6 7 8 |  8.3
Invocations    | 1 2 3 4 5 6 7 |  7.1
Short Blades   | 1 2 3 4 5 6 |  6.5
Long Blades    | 1 2 3 4 5 6 |  6.5
Axes           | 1 2 3 4 5 6 |  6.5
Maces & Flails | 1 2 3 4 5 6 |  6.5
Staves         | 1 2 3 4 5 6 |  6.5
Slings         | 1 2 3 4 5 6 |  6.5
Bows           | 1 2 3 4 5 6 |  6.5
Crossbows      | 1 2 3 4 5 6 |  6.5
Throwing       | 1 2 3 4 5 6 |  6.5
Stealth        | 1 2 3 4 5 6 |  6.5
Shields        | 1 2 3 4 5 6 |  6.5
Unarmed Combat | 1 2 3 4 5 6 |  6.5
Evocations     | 1 2 3 4 5 6 |  6.5
Conjurations   | 1 2 3 4 5 |  5.3
Hexes          | 1 2 3 4 5 |  5.3
Summonings     | 1 2 3 4 5 |  5.3
Necromancy     | 1 2 3 4 5 |  5.3
Translocations | 1 2 3 4 5 |  5.3
Transmutations | 1 2 3 4 5 |  5.3
Fire Magic     | 1 2 3 4 5 |  5.3
Ice Magic      | 1 2 3 4 5 |  5.3
Air Magic      | 1 2 3 4 5 |  5.3
Earth Magic    | 1 2 3 4 5 |  5.3
Poison Magic   | 1 2 3 4 5 |  5.3
Armour         | 3 4 5 6 7 |  7.0
Fighting       | 5 6 7 8 |  8.0
Polearms       | 5 6 7 8 |  8.0
Dodging        | 5 6 7 8 |  8.0
Charms         | 6 7 |  7.7

Action                   |  1- 3 |  4- 6 |  7- 9 | 10-12 || total
-------------------------+-------+-------+-------+-------++-------
Melee: Spear             |   103 |    73 |   400 |       ||   576
       Bite              |    14 |     9 |    32 |    29 ||    84
       Punch             |       |     1 |       |       ||     1
       Halberd           |       |    79 |    50 |   345 ||   474
Throw: Javelin           |       |       |       |     6 ||     6
 Cast: Infusion          |     1 |     2 |     7 |     8 ||    18
       Shroud of Golubri |       |     2 |     8 |     6 ||    16
       Spectral Weapon   |       |     1 |    13 |    10 ||    24
       Song of Slaying   |       |       |     1 |     2 ||     3
Invok: Animate Remains   |       |       |       |    15 ||    15
       Recall Undead Sla |       |       |       |     2 ||     2
  Use: Scroll            |     3 |     2 |     6 |       ||    11
       Potion            |       |       |       |     3 ||     3
 Stab: Sleeping          |       |       |    13 |    12 ||    25
       Distracted        |       |       |     2 |     3 ||     5
  Eat: Bread ration      |     1 |       |       |       ||     1
       Chunk             |       |     1 |    12 |     8 ||    21
       Royal jelly       |       |       |     1 |     4 ||     5
       Fruit             |       |       |       |     1 ||     1
Armor: Leather armour    |    24 |       |       |       ||    24
       Ring mail         |     1 |    42 |    86 |    91 ||   220
Dodge: Dodged            |    69 |   116 |   227 |   278 ||   690
Block: Buckler           |       |       |    75 |       ||    75

Table legend:
 A = Spawn XP
 B = Non-spawn XP
 C = Spawn XP percentage of total XP
 D = Spawn monster count
 E = Non-spawn monster count
 F = Spawn count percentage of total count
 G = Total turns spent on level
                    A         B        C        D         E        F      G
               +---------+---------+-------+---------+---------+-------+---------
         Total |       0 |   16134 |   0.0 |       0 |     235 |   0.0 |  9839
               +---------+---------+-------+---------+---------+-------+---------
           D:1 |       0 |      37 |   0.0 |       0 |      15 |   0.0 |   450
           D:2 |       0 |      50 |   0.0 |       0 |      13 |   0.0 |   989
           D:3 |       0 |     335 |   0.0 |       0 |      31 |   0.0 |   869
           D:4 |       0 |     528 |   0.0 |       0 |      21 |   0.0 |   901
           D:5 |       0 |     710 |   0.0 |       0 |      19 |   0.0 |   986
           D:6 |       0 |    1569 |   0.0 |       0 |      43 |   0.0 |   933
           D:7 |       0 |     713 |   0.0 |       0 |      13 |   0.0 |   663
           D:8 |       0 |    3510 |   0.0 |       0 |      21 |   0.0 |  1133
           D:9 |       0 |    2042 |   0.0 |       0 |      26 |   0.0 |   929
          D:10 |       0 |    3422 |   0.0 |       0 |      20 |   0.0 |  1086
          D:11 |       0 |    3218 |   0.0 |       0 |      13 |   0.0 |   642
               +---------+---------+-------+---------+---------+-------+---------

Vault maps used:
D:1:      dpeg_arrival_refuge, serial_park_tiny_pond
D:2:      first_bread
D:3:      nicolae_overflow_hidden_temple, chequers_ecumenical_altar_twisty,
          roderic_serpentine_path, due_unseen_surprise
D:4:      tso_altar, okawaru_metal_pillars_3
D:5:      minmay_temple_entry_poolview, nicolae_gozag_seed_capital
D:6:      marbit_many_paths, gup_sewer_entry_spiral, eino_curves_01,
          minivault_25, minmay_fire_ice_demons
D:7:      cheibrodos_ashenzari_chains, elyvilon_altar_4, lemuel_crystal_altar,
          uniq_joseph
D:8:      david_lair_shrubbed, hangedman_little_slice_of_home, uniq_pikel,
          uniq_gastronok
D:10:     kennysheep_orc_sif_temple, uniq_erolcha
D:11:     orc_0_dummy, kennysheep_generic_room_13
Temple:   dpeg_chambers_temple

Table legend:
 A = Turns spent in this place as a percentage of turns spent in the entire game.
 B = Non-inter-level travel turns spent in this place as a percentage of non-inter-level travel turns spent in the entire game.
 C = Inter-level travel turns spent in this place as a percentage of turns spent in this place.
 D = Turns resting spent in this place as a percentage of non-inter-level travel turns spent in this place.
 E = Turns spent auto-exploring this place as a percentage of non-inter-level travel turns spent in this place.
 F = Non-inter-level travel turns spent in this place divided by the number of levels of this place that you've seen.
                   A       B       C       D       E      F
               +-------+-------+-------+-------+-------+----------------------
         Total | 100.0 | 100.0 |   5.9 |  15.5 |  62.2 | 771.6
       Dungeon |  97.4 |  97.6 |   5.7 |  15.9 |  61.4 | 821.7
        Temple |   2.6 |   2.4 |  14.7 |   0.0 |  92.7 | 220.0
               +-------+-------+-------+-------+-------+----------------------

Table legend:
 A = Kills in this place as a percentage of kills in entire the game.
 B = Kills by you in this place as a percentage of kills by you in the entire game.
 C = Kills by friends in this place as a percentage of kills by friends in the entire game.
 D = Other kills in this place as a percentage of other kills in the entire game.
 E = Experience gained in this place as a percentage of experience gained in the entire game.
 F = Experience gained in this place divided by the number of levels of this place that you have seen.
                   A       B       C       D       E      F
               +-------+-------+-------+-------+-------+----------------------
         Total | 100.0 | 100.0 | 100.0 |   N/A | 100.0 | 1344.5
       Dungeon | 100.0 | 100.0 | 100.0 |   N/A | 100.0 | 1466.7
               +-------+-------+-------+-------+-------+----------------------
